 Dungeon Crawl Stone Soup version 0.29.1-13-g9f3cf754e1 (webtiles) character file.

Game seed: 4370031627761663530

1791 KittyFluff the Basher (level 9, -6/82 HPs)
             Began as a Gargoyle Berserker on Jan 22, 2023.
             Was a Priest of Trog.
             Killed from afar by an acid dragon (10 damage)
             ... with a splash of acid
             ... on level 6 of the Dungeon.
             The game lasted 00:19:28 (4987 turns).

KittyFluff the Basher (Gargoyle Berserker)          Turns: 4987, Time: 00:19:29

Health: -6/82      AC:  4    Str: 23    XL:     9   Next: 8%
Magic:  9/9        EV: 14    Int:  8    God:    Trog [***...]
Gold:   181        SH:  0    Dex: 17    Spells: 8/8 levels left

rFire   . . .      SeeInvis +   v - +0 flail
rCold   + . .      Faith    .   (no shield)
rNeg    + . .      Spirit   .   B - +2 robe {rC+}
rPois   ∞          Reflect  .   n - +0 helmet
rElec   +          Harm     .   (no cloak)
rCorr   .          Rampage  .   (no gloves)
Will    +....                   (no boots)
Stlth   ..........              (no amulet)
HPRegen 0.23/turn               s - +6 ring of dexterity
MPRegen 0.11/turn               m - ring of see invisible

@: berserking, corroded, very quick
A: sickness immunity, AC +6, negative energy resistance 1, electricity
resistance, torment resistance 1, petrification resistance, claws 1, hooves 1,
strong-willed 1
a: Renounce Religion, Berserk, Trog's Hand


You were on level 6 of the Dungeon.
You worshipped Trog.
Trog was most pleased with you.
You visited 1 branch of the dungeon, and saw 5 of its levels.

You collected 181 gold pieces.

Inventory:

Hand Weapons
 a - a +0 mace
 g - a +0 sling
 q - a +0 arbalest
 v - a +0 flail (weapon)
 y - a +0 shortbow
Missiles
 c - 5 poisoned darts
 k - 38 stones (quivered)
Armour
 d - a +0 ring mail
 e - a +0 leather armour
 n - a +0 helmet (worn)
 w - a +0 scale mail
 x - a +0 tower shield
 B - a +2 robe of cold resistance (worn)
Jewellery
 f - a ring of resist corrosion
 m - a ring of see invisible (right claw)
 s - a +6 ring of dexterity (left claw)
Wands
 z - a wand of flame (11)
Scrolls
 h - a scroll of enchant armour {unknown}
 i - 3 scrolls of teleportation
 l - a scroll of fog {unknown}
 r - 2 scrolls of identify {unknown}
Potions
 b - a potion of magic {unknown}
 j - 2 potions of ambrosia {unknown}
 o - a potion of curing {unknown}
 p - a potion of berserk rage {unknown}
 t - a potion of mutation
 u - a potion of degeneration {unknown}
 A - a potion of might


   Skills:
 + Level 5.7 Fighting
 + Level 8.3 Maces & Flails
 * Level 5.7 Armour
 + Level 4.1 Dodging
 + Level 2.5 Stealth


You had 8 spell levels left.
You didn't know any spells.
Your spell library was empty.

Dungeon Overview and Level Annotations

Branches:
Dungeon (6/15)
 Temple: D:4-7

Altars:
Hepliaklqana
Nemelex Xobeh
The Shining One


Innate Abilities, Weirdness & Mutations

You are immune to sickness and miasma.
Your stone body is resilient. (AC +6)
You are immune to poison.
You resist negative energy. (rN+)
You are resistant to electric shocks. (rElec)
You are resistant to unholy torment.
You are immune to petrification.
You have sharp fingernails.
You have large cloven feet.
You are strong-willed. (Will+)


Message History

The necrophage is severely damaged.
The necrophage hits you but does no damage.
You hit the necrophage but do no damage.
Your kick misses the necrophage.
The necrophage is severely damaged.
The necrophage completely misses you.
You hit the necrophage but do no damage.
The necrophage is severely damaged.
The necrophage misses you.
You hit the necrophage.
The necrophage is almost destroyed.
The necrophage barely misses you.
You sock the necrophage!
You destroy the necrophage!
Trog accepts your kill.
You see here a necrophage corpse.
The acid dragon spits acid at you. The splash of acid hits you!
The acid corrodes you! The acid dragon spits acid at you.
The splash of acid hits you!!
Ouch! That really hurt!
* * * LOW HITPOINT WARNING * * *
The acid corrodes you!
You hear a shout!
The acid dragon closely misses you. x2
You hit the acid dragon.
The acid dragon is lightly wounded.
The acid dragon barely misses you. x2
A red film seems to cover your vision as you go berserk!
You feel yourself moving faster!
You feel mighty! The acid dragon spits acid at you.
The splash of acid hits you!
* * * LOW HITPOINT WARNING * * *
The acid corrodes you!
You hear a shout! x3
You thump the acid dragon! You kick the acid dragon.
The acid dragon is severely wounded.
The acid dragon spits acid at you. The splash of acid hits you!
You die...

...... #### .#..# #
##...#### #########
#.......####........
#.....)...##........
#............#######
##............#
#.............##
#...@..........#
#...D........†.#
#..............#
#'..................
.................###..
..................#
......######.....##
...... ...#### ...
#####


You could see an acid dragon (catching breath).

Vanquished Creatures
  Pikel (D:6)
  A water moccasin (D:6)
  2 centaurs (D:6)
  An ogre (D:5)
  A lemure (D:6)
  A phantom (D:6)
  2 scorpions
  A necrophage (D:6)
  5 wights (D:6)
  A jelly (D:5)
  4 orc priests
  2 hounds
  An iguana (D:5)
  5 orc wizards
  6 adders
  A shadow imp (D:5)
  A white imp (D:6)
  2 worms
  2 dart slugs (D:1)
  10 orcs
  6 ball pythons
  3 bats
  7 endoplasms
  5 giant cockroaches
  9 goblins
  4 hobgoblins (D:2)
  4 jackals
  3 kobolds (D:1)
  7 quokkas
  4 frilled lizards
  2 rats
104 creatures vanquished.

Notes
Turn   | Place    | Note
-------+----------+-------------------------------------------
     0 | D:1      | KittyFluff the Gargoyle Berserker began the quest for the
                  | Orb.
     0 | D:1      | Reached XP level 1. HP: 14/14 MP: 1/1
    77 | D:1      | Reached XP level 2. HP: 3/19 MP: 2/2
   838 | D:1      | Reached XP level 3. HP: 19/24 MP: 3/3
  1467 | D:2      | Gained mutation: You are strong-willed. (Will+) [potion of
                  | mutation]
  1467 | D:2      | Gained mutation: You have sharp fingernails. [potion of
                  | mutation]
  1467 | D:2      | Gained mutation: You have large cloven feet. [potion of
                  | mutation]
  1557 | D:2      | Reached XP level 4. HP: 29/29 MP: 4/4
  1642 | D:2      | Reached ** piety under Trog
  1670 | D:2      | Reached skill level 4 in Maces & Flails
  1861 | D:2      | Found a faded altar of an unknown god.
  2043 | D:3      | Found a hazy altar of Hepliaklqana.
  2148 | D:3      | Reached XP level 5. HP: 26/33 MP: 5/5
  2428 | D:3      | Found a sparkling altar of Nemelex Xobeh.
  2444 | D:3      | You fall into a shaft and drop 3 floors!
  2713 | D:6      | Reached skill level 5 in Maces & Flails
  2713 | D:6      | Reached skill level 1 in Stealth
  2715 | D:6      | Reached XP level 6. HP: 14/38 MP: 6/6
  3058 | D:5      | Entered Level 5 of the Dungeon
  3207 | D:5      | Reached XP level 7. HP: 25/43 MP: 7/7
  3478 | D:5      | Reached skill level 6 in Maces & Flails
  3678 | D:6      | Reached *** piety under Trog
  3872 | D:6      | Reached XP level 8. HP: 48/48 MP: 8/8
  3894 | D:6      | Reached skill level 7 in Maces & Flails
  3964 | D:6      | Reached skill level 5 in Fighting
  4071 | D:6      | Reached skill level 5 in Armour
  4547 | D:6      | Found a glowing golden altar of the Shining One.
  4739 | D:6      | Noticed Pikel
  4758 | D:6      | Killed Pikel
  4759 | D:6      | Reached skill level 8 in Maces & Flails
  4759 | D:6      | Reached XP level 9. HP: 24/55 MP: 9/9
  4986 | D:6      | HP: 4/82 [acid dragon/splash of acid (14)]
  4987 | D:6      | Killed from afar by an acid dragon

Illustrated notes

Levels and vault maps discovered:
D:1:      arrival_zaba_pyramid, layout_basic, hangedman_decor_opposing,
          minmay_tromino_v4_c
D:2:      minmay_chambers_of_twos, layout_rooms,
          shapermc_ecumenical_altar_starsandcircs
D:3:      layout_loops_ring, amcnicky_altar_gilded,
          mainiacjoe_overflow_small_starburst, serial_shops, shop_fountains,
          nicolae_shop_bloodbath_and_beyond, shop, shop, shop, uniq_robin
D:5:      layout_cave_pools, kennysheep_small_spiral, minmay_misc_feat_pillars
D:6:      lemuel_insect_pit, layout_layer_cave, mainiacjoe_overflow_swirl,
          lemuel_doored_altar, minmay_temple_entry_junction_2,
          minmay_misc_feat_cross, uniq_pikel

Skill      XL: |  1  2  3  4  5  6  7  8 |
---------------+-------------------------+-----
Dodging        | 2 3 4 |  4.1
Maces & Flails | 4 5 6 8 |  8.3
Armour         | 3 4 5 |  5.7
Fighting       | 4 5 |  5.7
Stealth        | 1 2 |  2.5

Action                   |  1- 3 |  4- 6 |  7- 9 || total
-------------------------+-------+-------+-------++-------
Melee: Mace              |   112 |   146 |     5 ||   263
       Kick              |     1 |    37 |    45 ||    83
       Punch             |     1 |     1 |     3 ||     5
       Flail             |       |       |   134 ||   134
Invok: Berserk           |       |     2 |     2 ||     4
  Use: Scroll            |     1 |       |       ||     1
       Potion            |     1 |       |       ||     1
Armor: Animal skin       |    11 |       |       ||    11
       Leather armour    |    39 |    51 |    41 ||   131
       Robe              |       |       |     2 ||     2
Dodge: Dodged            |    79 |    86 |   112 ||   277
